 Dungeon Crawl Stone Soup version 0.27.0-1-g7a08968 (webtiles) character file.

Game seed: 3471526778826745340

724 Illumine the Covered (level 7, 0/60 HPs)
             Began as a Minotaur Air Elementalist on Aug 12, 2021.
             Succumbed to a water moccasin's poison
             ... on level 8 of the Dungeon.
             The game lasted 00:06:56 (3340 turns).

Illumine the Covered (Minotaur Air Elementalist)    Turns: 3340, Time: 00:06:57

Health: 0/60       AC:  9    Str: 14    XL:     7   Next: 43%
Magic:  8/8        EV:  7    Int: 12    God:
Gold:   139        SH:  4    Dex: 11    Spells: 7/8 levels left

rFire    . . .     SeeInvis .   g - +1 dagger (venom)
rCold    . . .     Faith    .   h - +0 buckler
rNeg     . . .     Spirit   .   b - +0 chain mail
rPois    .         Reflect  .   (helmet restricted)
rElec    .         Harm     .   (no cloak)
rCorr    .         Rampage  .   (no gloves)
Will     .....                  (no boots)
Stlth    ..........             (no amulet)
HPRegen  0.20/turn              (no ring)
MPRegen  0.11/turn              (no ring)

@: lethally poisoned (0 -> -5), hasted, very quick
A: horns 2, retaliatory headbutt
a: no special abilities


You were on level 8 of the Dungeon.
You visited 1 branch of the dungeon, and saw 7 of its levels.

You collected 139 gold pieces.

Inventory:

Hand Weapons
 g - a +1 dagger of venom (weapon)
Missiles
 e - 40 bolts
 p - 3 boomerangs (quivered)
 r - 21 sling bullets
Armour
 b - a +0 chain mail (worn)
 h - a +0 buckler (worn)
 l - a +2 robe of positive energy
Jewellery
 o - a ring of fire
Scrolls
 q - a scroll of blinking
Potions
 j - a potion of attraction


   Skills:
 + Level 4.8 Fighting
 + Level 4.0 Short Blades
 * Level 4.9 Armour
 - Level 2.1 Dodging
 - Level 1.5 Stealth
 - Level 4.2 Shields
 - Level 1.1 Unarmed Combat
 - Level 1.3 Spellcasting
 - Level 0.6 Conjurations
 - Level 2.1 Air Magic


You had 7 spell levels left.
You knew the following spells:

 Your Spells              Type           Power      Damage    Failure   Level
a - Shock                 Conj/Air       16%        1d4       98%         1

Your spell library contained the following spells:

 Spells                   Type           Power      Damage    Failure   Level
 Static Discharge         Conj/Air       4%         N/A       99%         2
 Swiftness                Air            6%         N/A       100%        3
 Airstrike                Air            3%         N/A       100%        4


Dungeon Overview and Level Annotations

Branches:
Dungeon (9/15)
 Temple: D:4-7         Lair: D:8-11         Orc: D:9-12

Altars:

Shops:
D:2 (

Annotations:
D:6 Prince Ribbit
D:8 2 runed translucent doors, Joseph, Maurice


Innate Abilities, Weirdness & Mutations

You have a pair of horns on your head.
You reflexively headbutt those who attack you in melee.


Message History

You feel sick. The water moccasin barely misses you.
You barely miss the water moccasin.
Your headbutt misses the water moccasin.
The water moccasin is severely wounded.
You feel sick. The water moccasin bites you.
* * * LOW HITPOINT WARNING * * *
You are more poisoned.
The water moccasin poisons you!
* * * LOW HITPOINT WARNING * * *
You feel sick.
Unknown command.
* * * LOW HITPOINT WARNING * * *
You feel sick.
* * * LOW HITPOINT WARNING * * *
You feel sick.
You hit the water moccasin but do no damage.
Your headbutt misses the water moccasin.
The water moccasin is almost dead.
* * * LOW HITPOINT WARNING * * *
You feel sick. The water moccasin bites you.
* * * LOW HITPOINT WARNING * * *
Unknown command.
Okay, then.
As you read the scroll labelled WEIPTI IMOIXZO, it crumbles to dust.
It is a scroll of identify.
q - a scroll of blinking
* * * LOW HITPOINT WARNING * * *
You feel sick. The water moccasin bites you.
* * * LOW HITPOINT WARNING * * *
Unknown command.
* * * LOW HITPOINT WARNING * * *
You feel sick.
Unknown command.
Okay, then.
Sorry, you're not good enough to have a special ability.
Unknown command.
There is a lethal amount of poison in your body!
There is a lethal amount of poison in your body!
There is a lethal amount of poison in your body!
You die...

####
###..####
#....#..###
#.........#
#.........#
#...>....#
###.@....#
#..##..#
####S## ..#
#.....# ...
#.##...# ..
#...........
#..####....
...# ...#
...# #...


You could see a water moccasin (poisoned).

Vanquished Creatures
  Sigmund (D:2)
  2 black bears (D:3)
  2 ogres (D:5)
  A water moccasin zombie (D:5)
  A hound (D:3)
  Jessica (D:3)
  An iguana (D:5)
  An orc wizard (D:3)
  2 adders
  2 worms
  2 orcs (D:3)
  7 bats
  An endoplasm (D:1)
  3 goblins
  7 hobgoblins
  3 jackals (D:2)
  2 quokkas
  9 ball pythons
  4 kobolds (D:3)
  8 rats
60 creatures vanquished.

Notes
Turn   | Place    | Note
-------+----------+-------------------------------------------
     0 | D:1      | Illumine the Minotaur Air Elementalist began the quest for
                  | the Orb.
     0 | D:1      | Reached XP level 1. HP: 14/14 MP: 1/1
   125 | D:1      | Found a faded altar of an unknown god.
   514 | D:1      | Reached skill level 1 in Fighting
   514 | D:1      | Reached skill level 1 in Unarmed Combat
   849 | D:1      | Reached XP level 2. HP: 23/23 MP: 3/3
  1106 | D:2      | Reached skill level 1 in Short Blades
  1271 | D:2      | Reached XP level 3. HP: 29/29 MP: 4/4
  1625 | D:2      | Noticed Sigmund
  1640 | D:2      | Killed Sigmund
  1641 | D:2      | Reached XP level 4. HP: 13/38 MP: 5/5
  1641 | D:2      | Reached XP level 5. HP: 16/45 MP: 6/6
  1906 | D:2      | Found Jaututydgh's Antique Weapon Shoppe.
  2036 | D:3      | Noticed a black bear
  2216 | D:3      | Noticed Jessica
  2225 | D:3      | Killed Jessica
  2240 | D:3      | Reached XP level 6. HP: 37/51 MP: 7/7
  2985 | D:3      | You fall into a shaft and drop 3 floors!
  2998 | D:6      | Noticed Prince Ribbit
  3000 | D:5      | Entered Level 5 of the Dungeon
  3022 | D:5      | Reached XP level 7. HP: 30/60 MP: 0/8
  3260 | D:5      | You fall into a shaft and drop 3 floors!
  3260 | D:8      | Found a huge runed translucent gate.
  3260 | D:8      | Found a huge runed translucent gate.
  3260 | D:8      | Noticed a dream sheep
  3260 | D:8      | Noticed a yak
  3267 | D:8      | Noticed Joseph
  3267 | D:8      | Noticed Maurice
  3338 | D:8      | HP: 2/60 [water moccasin (2)]
  3340 | D:8      | Succumbed to a water moccasin's poison

Illustrated notes

Levels and vault maps discovered:
D:1:      dpeg_arrival_simpleton_c, layout_basic,
          chequers_ecumenical_altar_simple, kennysheep_boxes
D:2:      layout_basic, serial_shops, shop, uniq_sigmund
D:3:      layout_loops_ring, uniq_jessica
D:5:      layout_rooms, temple_pool_b, serial_shops, nicolae_shop_behind_doors,
          nicolae_specific_store
D:6:      layout_gridville, hellmonk_ghost_happy_afterlife, enter_ossuary_3,
          kennysheep_minor_cross, uniq_prince_ribbit1, uniq_menkaure
D:8:      lemuel_bear_cage, layout_cave_pools,
          gammafunk_temple_overflow_elements, serial_shops,
          nicolae_shop_crystal, uniq_maurice, uniq_joseph
D:9:      layout_rooms, overflow_temple_1_default,
          nicolae_uskayaw_murder_on_the_dancefloor, dpeg_oklobed_lair

Skill      XL: |  1  2  3  4  5  6  7 |
---------------+----------------------+-----
Fighting       | 1 2 3 4 |  4.8
Unarmed Combat | 1 |  1.1
Short Blades   | 1 2 3 4 |  4.0
Armour         | 2 4 |  4.9
Shields        | 3 4 |  4.2
Dodging        | |  2.1
Stealth        | |  1.5
Spellcasting   | |  1.3
Conjurations   | |  0.6
Air Magic      | |  2.1

Action                   |  1- 3 |  4- 6 |  7- 9 || total
-------------------------+-------+-------+-------++-------
Melee: Unarmed           |    20 |       |       ||    20
       Dagger            |    42 |    65 |    40 ||   147
       Headbutt          |    10 |    12 |     4 ||    26
Throw: Boomerang         |       |       |     3 ||     3
 Cast: Shock             |     7 |     5 |       ||    12
  Use: Potion            |       |     3 |     3 ||     6
       Scroll            |       |       |     4 ||     4
 Stab: Sleeping          |     4 |       |       ||     4
Armor: Robe              |    12 |    23 |     1 ||    36
       Chain mail        |       |       |     6 ||     6
Dodge: Dodged            |    35 |    35 |    16 ||    86
Block: Buckler           |       |    16 |     6 ||    22
